 Dungeon Crawl Stone Soup version 0.22.1-1-ga44c0e56f4 (webtiles) character file.

92 Jynx the Changer (level 4, -2/28 HPs)
             Began as an Octopode Transmuter on Nov 5, 2018.
             Was an Initiate of Ashenzari.
             Slain by a gnoll
             ... wielding a +1 whip of venom
              (7 damage)
             ... on level 3 of the Dungeon.
             The game lasted 00:04:18 (2555 turns).

Jynx the Changer (Octopode Transmuter)              Turns: 2555, Time: 00:04:20

Health: -2/28      AC:  1    Str:  9    XL:     4   Next: 60%
Magic:  8/8        EV: 13    Int: 15    God:    Ashenzari [......]
Gold:   114        SH:  0    Dex: 13    Spells: 2/8 levels left

rFire    . . .     SeeInvis .     - Unarmed
rCold    . . .     Gourm    .   (no shield)
rNeg     . . .     Faith    .   e - +0 hat
rPois    .         Spirit   .   (no amulet)
rElec    .         Reflect  .   (no ring)
rCorr    .         Harm     .   (no ring)
MR       .....                  (no ring)
Stlth    ++........             (no ring)
HPRegen  0.09/turn              (no ring)
MPRegen  0.11/turn              (no ring)
                                (no ring)
                                (no ring)

@: lethally poisoned (-2 -> -8), appendage
A: almost no armour, stealthy swim, amphibious, 8 rings, constrict 8, tentacle
spike 3, camouflage 1, gelatinous body 1
a: End Transformation, Curse Item, Renounce Religion


You were on level 3 of the Dungeon.
You worshipped Ashenzari.
Ashenzari was noncommittal.
You were hungry.
One of your tentacles had a temporary spike.
You visited 1 branch of the dungeon, and saw 3 of its levels.

You collected 114 gold pieces.

Inventory:

Missiles
 a - 32 arrows
Armour
 e - a +0 hat (worn)
Scrolls
 f - a scroll of remove curse
Potions
 b - a potion of haste {unknown}
 d - a potion of agility {unknown}
 g - a potion of lignification {unknown}
 h - a potion of magic {unknown}
 i - a potion of brilliance {unknown}
Comestibles
 c - 10 rations


   Skills:
 - Level 1.0 Fighting
 - Level 2.0 Dodging
 - Level 3.0 Unarmed Combat
 + Level 2.9 Spellcasting
 * Level 4.0 Transmutations


You had 2 spell levels left.
You knew the following spells:

 Your Spells              Type           Power        Failure   Level  Hunger
a - Beastly Appendage     Tmut           ##....       3%          1    #......
b - Sticks to Snakes      Tmut           ##......     6%          2    ##.....
c - Spider Form           Tmut/Pois      #.........   26%         3    ###....

Your spell library contained the following spells:

 Spells                   Type           Power        Failure   Level  Hunger
 Ice Form                 Ice/Tmut       #.......     65%         4    #####..
 Blade Hands              Tmut           ##........   71%         5    ######.


Dungeon Overview and Level Annotations

Branches:
Dungeon (3/15)

Altars:
Ashenzari


Innate Abilities, Weirdness & Mutations

You cannot wear most types of armour.
You are very stealthy in the water. (Stealth+)
You are amphibious.
You can wear up to eight rings at the same time.
You can use your tentacles to constrict eight enemies at once.
Your skin changes colour to match your surroundings (Stealth+).
Your rubbery body absorbs attacks. (AC +1, EV +1)
One of your tentacles bears a large vicious spike.


Message History

You tentacle-slap the gnoll but do no damage.
You squeeze the gnoll.
You kill the gnoll!
Your Transmutations skill increases to level 4!
You closely miss the gnoll. You grab the gnoll. You constrict the gnoll.
The gnoll hits you with a whip of venom.
* * * LOW HITPOINT WARNING * * *
You are lethally poisoned!
You tentacle-slap the gnoll.
The gnoll is moderately wounded.
You constrict the gnoll.
* * * LOW HITPOINT WARNING * * *
You feel sick. The gnoll barely misses you.
You tentacle-slap the gnoll.
You pierce the gnoll.
The gnoll is severely wounded.
You constrict the gnoll, but do no damage.
* * * LOW HITPOINT WARNING * * *
You feel sick.
The gnoll hits you with a whip of venom!
You die...

##.........####.##
.................#
#..........####..#
#.#.#<.<#### #..#
#...#...# #..# #.# #...#
#..#### ####.
##.########......
.....####(..........####
.....ag@.............###
.....#############......
..# #.#.##. #.#.##.
........ ##.#....
#.##### #


You could see a worker ant and a gnoll.

Vanquished Creatures
  2 gnolls (D:3)
  A worm (D:2)
  3 dart slugs (D:1)
  A leopard gecko (D:1)
  A ball python (D:1)
  6 bats
  2 giant cockroaches
  9 goblins
  8 hobgoblins
  5 jackals (D:1)
  A quokka (D:3)
  3 frilled lizards
  9 kobolds
  5 rats
56 creatures vanquished.

Vanquished Creatures (others)
  9 toadstools (D:3)
9 creatures vanquished.

Grand Total: 65 creatures vanquished

Notes
Turn   | Place    | Note
-------+----------+-------------------------------------------
     0 | D:1      | Jynx the Octopode Transmuter began the quest for the Orb.
     0 | D:1      | Reached XP level 1. HP: 13/13 MP: 3/3
    38 | D:1      | Reached XP level 2. HP: 10/18 MP: 3/5
   542 | D:1      | Reached skill level 3 in Transmutations
   567 | D:1      | Reached XP level 3. HP: 17/23 MP: 4/6
   642 | D:1      | Learned a level 2 spell: Sticks to Snakes
   646 | D:1      | Learned a level 3 spell: Spider Form
  1420 | D:2      | Found a shattered altar of Ashenzari.
  1495 | D:2      | Became a worshipper of Ashenzari the Shackled
  1764 | D:2      | Reached XP level 4. HP: 28/28 MP: 6/8
  2552 | D:3      | Reached skill level 4 in Transmutations
  2555 | D:3      | Slain by a gnoll

Skill      XL: |  1  2  3  4 |
---------------+-------------+-----
Transmutations | 3 4 |  4.0
Fighting       | |  1.0
Dodging        | |  2.0
Unarmed Combat | |  3.0
Spellcasting   | |  2.9

Action                   |  1- 3 |  4- 6 || total
-------------------------+-------+-------++-------
Melee: Unarmed           |    86 |    33 ||   119
       Constrict         |    30 |    13 ||    43
       Tentacles         |    14 |     6 ||    20
       Kick              |    23 |     9 ||    32
       Punch             |       |     1 ||     1
 Cast: Beastly Appendage |    19 |     7 ||    26
       Spider Form       |     1 |       ||     1
  Use: Scroll            |     2 |     2 ||     4
 Stab: Sleeping          |     3 |     1 ||     4
  Eat: Chunk             |     3 |     2 ||     5
Armor: Skin              |    14 |     1 ||    15
Dodge: Dodged            |    45 |    15 ||    60
